AoeStats
← chicken

African Clearing

510669512Analyzed
4v4 RM · 13h ago on Oct 2, 2026· 44m 3s· 8 players
Game mode
Random Map
Map size
Large (8 player)
Population
200
Speed
Normal
Resources
Standard
Victory
Conquest
Starting age
Dark Age
Ending age
Imperial Age
RankedLock teamsTeams togetherTeam positionsShared explorationLock speedFull tech treeHidden civsTurbo modeCheats
Victory
Defeat
🇺🇸 Khmer · United States
1236
+14
🇺🇸 Huns · United States
1193
+15
🇺🇸 Byzantines · United States
1190
+16
🇺🇸 Vietnamese · United States
1180
+16
🇦🇷 Magyars · Argentina
1267
-18
🇦🇷 Saracens · Argentina
1213
-17
🇦🇷 Huns · Argentina
1152
-14
🇦🇷 Spanish · Argentina
1097
-12
Ipower
10:42 Loom
13:15 Feudal Age
14:29 Town Watch
16:28 Double-Bit Axe
18:59 Horse Collar
24:15 Castle Age
22:36 Fletching
24:45 Forging
25:55 Bodkin Arrow
28:54 Bow Saw
31:55 Iron Casting
37:38 Heavy Plow
38:29 Wheelbarrow
42:02 Imperial Age
thomyrron
12:49 Loom
13:12 Loom
14:58 Feudal Age
20:03 Castle Age
19:29 Double-Bit Axe
22:33 Horse Collar
36:50 Gold Mining
36:51 Stone Mining
38:53 Scale Barding Armor
38:58 Forging
39:28 Padded Archer Armor
39:37 Town Watch
40:27 Wheelbarrow
44:35 Imperial Age
42:56 Bow Saw
43:09 Chain Barding Armor
42:59 Forging
44:32 Bloodlines
44:22 Husbandry
Pepe :)
3:08 Loom
11:38 Feudal Age
18:26 Castle Age
29:24 Double-Bit Axe
30:24 Bloodlines
30:35 Scale Barding Armor
32:17 Husbandry
33:29 Chain Barding Armor
38:12 Imperial Age
35:38 Horse Collar
36:40 Wheelbarrow
36:45 Gold Mining
36:43 Town Watch
38:21 Cavalier
40:00 Plate Barding Armor
40:27 Hand Cart
Atilafiorito
10:21 Loom
12:14 Feudal Age
12:39 Feudal Age
18:05 Castle Age
16:46 Double-Bit Axe
18:12 Bloodlines
18:08 Scale Barding Armor
33:32 Chain Barding Armor
33:56 Husbandry
36:01 Light Cavalry
37:34 Town Watch
43:05 Imperial Age
41:24 Forging
42:01 Horse Collar
43:15 Cavalier
44:36 Plate Barding Armor
Cumstain
3:19 Loom
14:40 Feudal Age
15:09 Double-Bit Axe
19:25 Castle Age
17:44 Gold Mining
19:07 Fletching
19:08 Horse Collar
20:41 Bow Saw
25:47 Wheelbarrow
26:59 Bodkin Arrow
30:06 Hand Cart
31:45 Stone Mining
36:54 Imperial Age
35:27 Padded Archer Armor
36:25 Gold Shaft Mining
36:12 Ballistics
36:03 Thumb Ring
37:05 Heavy Cavalry Archer
39:05 Chemistry
38:47 Parthian Tactics
38:42 Bracer
39:45 Leather Archer Armor
40:47 Bloodlines
40:38 Husbandry
42:57 Two-Man Saw
41:59 Heavy Plow
42:30 Conscription
Codeblue
13:28 Loom
15:39 Feudal Age
21:44 Castle Age
21:13 Wheelbarrow
20:35 Double-Bit Axe
24:50 Hand Cart
24:38 Horse Collar
24:50 Gold Mining
27:22 Stone Mining
28:08 Gold Shaft Mining
27:53 Heavy Plow
31:22 Husbandry
31:54 Scale Barding Armor
34:29 Imperial Age
33:06 Bow Saw
34:30 Chain Barding Armor
35:19 Forging
36:07 Stone Shaft Mining
34:58 Heavy Camel Rider
37:01 Chemistry
36:23 Ballistics
37:23 Conscription
39:53 Plate Barding Armor
40:30 Logistica
42:57 Iron Casting
43:38 Two-Man Saw
43:08 Fletching
chicken
11:13 Feudal Age
12:57 Double-Bit Axe
13:45 Bloodlines
14:45 Horse Collar
15:04 Loom
17:23 Forging
22:48 Castle Age
24:05 Bow Saw
26:15 Husbandry
30:27 Wheelbarrow
35:00 Heavy Plow
36:51 Hand Cart
36:39 Town Watch
37:04 Devotion
37:14 Redemption
42:58 Imperial Age
43:07 Imperial Age
WiilllChRisISTOXXIC
10:32 Loom
12:32 Feudal Age
13:51 Double-Bit Axe
14:14 Gold Mining
17:47 Fletching
20:34 Castle Age
19:21 Stone Mining
20:42 Crossbowman
24:35 Ballistics
24:12 Murder Holes
24:48 Thumb Ring
25:27 Elite Skirmisher
32:37 Padded Archer Armor
32:35 Bodkin Arrow
36:25 Bow Saw
42:34 Padded Archer Armor
Connection lost

Rejoining the realm…

Still unreachable

The connection could not be restored.

Session expired

The server has moved on; the page needs a fresh start.